 Dungeon Crawl Stone Soup version 0.30-a0-475-g03497ec522 (webtiles) character file.

Game seed: 12574216875421633674

29606 holysushi the Nimble (level 13, -3/88 HPs)
             Began as a Demonspawn Necromancer on Dec 21, 2022.
             Was an Elder of Makhleb.
             Slain by a blink frog (6 damage)
             ... on level 5 of the Lair of Beasts.
             The game lasted 00:41:05 (18915 turns).

holysushi the Nimble (Demonspawn Necromancer)      Turns: 18915, Time: 00:41:06

Health: -3/88      AC: 16    Str:  8    XL:     13   Next: 16%
Magic:  0/16       EV: 20    Int: 20    God:    Makhleb [****..]
Gold:   516        SH:  0    Dex: 19    Spells: 8/16 levels left

rFire   + . .      SeeInvis .    z - +7 dagger (speed)
rCold   + . .      Faith    .    (no shield)
rNeg    . . .      Spirit   +    P - +0 troll leather armour
rPois   +          Reflect  .    t - +0 hat {Int+3}
rElec   +          Harm     .    q - +1 cloak
rCorr   +          Rampage  .    c - +1 pair of gloves
Will    .....      Rnd*Tele +    u - +0 pair of boots
Stlth   ++++......               (no amulet)
HPRegen 1.14/turn                r - +4 ring of slaying
MPRegen 0.30/turn                m - +4 ring of protection

@: about to teleport, resistant, animating dead
A: icy blue scales 2, demonic guardian 2, magic shield, magic regeneration,
weakness stinger 2, teleportitis 1
a: Renounce Religion, Minor Destruction, Lesser Servant of Makhleb, Major
Destruction


You were on level 5 of the Lair of Beasts.
You worshipped Makhleb.
Makhleb was greatly pleased with you.
You visited 3 branches of the dungeon, and saw 17 of its levels.

You collected 872 gold pieces.
You spent 356 gold pieces at shops.

Inventory:

Hand Weapons
 a - a +3 dagger of flaming
 g - a +1 rapier of freezing
 z - a +7 dagger of speed (weapon)
Missiles
 x - 2 throwing nets
Armour
 c - a +1 pair of gloves (worn)
 e - a +0 robe
 k - a scarf of shadows
 q - a +1 cloak (worn)
 t - a +0 hat of intelligence (worn)
 u - a +0 pair of boots (worn)
 P - a +0 troll leather armour (worn)
Magical Staves
 N - a staff of death
Jewellery
 m - a +4 ring of protection (right hand)
 r - a +4 ring of slaying (left hand)
 C - the ring of Geqiocwyggist {rC+ Int+4}
   (You bought it in a shop on level 7 of the Dungeon)

   [ring of protection from cold]

   Int:       It affects your intelligence (+4).
   rC:        It protects you from cold.
 E - a ring of protection from fire
 I - a ring of see invisible
 M - a ring of wizardry
 R - a ring of protection from fire
 T - a +6 ring of dexterity
 X - a ring of willpower
Wands
 f - a wand of charming (10)
 l - a wand of quicksilver (6)
 n - a wand of flame (14)
 o - a wand of polymorph (2)
 B - a wand of digging (4)
 D - a wand of roots (16)
Scrolls
 i - 3 scrolls of enchant armour
 v - 2 scrolls of magic mapping
 w - 4 scrolls of teleportation
 y - a scroll of enchant weapon
 A - a scroll of fog
 F - 7 scrolls of identify
 H - a scroll of butterflies
 U - 2 scrolls of amnesia
 V - a scroll of vulnerability
Potions
 b - 2 potions of magic
 d - a potion of resistance
 h - 3 potions of curing
 j - 4 potions of might
 p - 2 potions of lignification
 s - 3 potions of mutation
 J - 2 potions of attraction {unknown}
 Q - 4 potions of haste {unknown}
 S - a potion of degeneration {unknown}
 W - a potion of brilliance {unknown}
 Y - a potion of heal wounds {unknown}
Miscellaneous
 L - a phial of floods (inert)


   Skills:
 - Level 4.0 Fighting
 - Level 10.0 Short Blades
 + Level 13.8 Dodging
 - Level 8.0 Stealth
 - Level 2.4 Spellcasting
 - Level 10.2 Necromancy
 - Level 5.0 Invocations
 - Level 3.0 Evocations


You had 8 spell levels left.
You knew the following spells:

 Your Spells              Type           Power      Damage    Failure   Level
a - Necrotise             Necr           100%       1d9       1%          1
b - Vampiric Draining     Necr           43%        2d9       1%          3
d - Animate Dead          Necr           43%        N/A       3%          4

Your spell library contained the following spells:

 Spells                   Type           Power      Damage    Failure   Level
 Sublimation of Blood     Necr           43%        N/A       1%          2
 Cigotuvi's Dreadful Rot  Necr/Pois/Air  32%        N/A       9%          2
 Agony                    Necr           43%        N/A       9%          5
 Poisonous Vapours        Pois/Air       4%         N/A       32%         2
 Wereblood                Tmut           2%         N/A       32%         2
 Ignite Poison            Fire/Tmut/Pois 2%         N/A       54%         3
 Kindle Blastsparks       Fire/Tloc/Air  4%         2d10      54%         3
 Mephitic Cloud           Conj/Pois/Air  2%         N/A       54%         3
 Petrify                  Tmut/Erth      2%         N/A       91%         4
 Sticky Flame             Conj/Fire      2%         2d3       91%         4
 Freezing Cloud           Conj/Ice/Air   1%         6-21      99%         5
 Irradiate                Conj/Tmut      1%         3d12      99%         5
 Summon Hydra             Summ           1%         N/A       100%        7
 Ignition                 Fire           1%         3d3       100%        8


Dungeon Overview and Level Annotations

Branches:
Dungeon (11/15) Zot: 26143  Temple (1/1) D:4 Zot: 5810    Lair (5/5) D:11 Zot: 25266
  Swamp (0/4) Lair:3       Spider (0/4) Lair:3          Orc (0/2) D:11
  Slime: Lair:4-5

Altars:
Ashenzari
Cheibriados
Dithmenos
Fedhas
Gozag
Hepliaklqana
Kikubaaqudgha
Makhleb
Nemelex Xobeh
Okawaru
Qazlal
Ru
Sif Muna
Trog
Uskayaw
Vehumet
Wu Jian
Xom
Yredelemnul

Shops:
D:6 *   D:7 ?((*!   D:9 *

Portals:
Trove: D:10 (give +3 gold dragon scales)

Annotations:
D:8 exclusion: downstairs


Innate Abilities, Weirdness & Mutations

You are mostly covered in icy blue scales. (AC +3)
A demonic guardian rushes to your aid.
When hurt, damage is shared between your health and your magic reserves.
You regenerate magic rapidly.
You have a tail ending in a sharp stinger.
You are occasionally teleported next to monsters.


Message History

You hit the lindwurm.
Your tail-slap misses the lindwurm.
The lindwurm is severely wounded.
The small abomination closely misses you.
The blink frog misses you.
The lindwurm bites you but does no damage.
The lindwurm misses you. x2
The blink frog hits you but does no damage.
You barely miss the lindwurm.
The lindwurm is severely wounded.
The blink frog barely misses you.
You hit the lindwurm.
The lindwurm is severely wounded.
The blink frog blinks!
The blink frog closely misses you. The small abomination hits you.
The lindwurm breathes flames at you. The blast of flame hits you. You resist.
You barely miss the lindwurm.
You tail-slap the lindwurm, but do no damage.
The lindwurm is severely wounded.
The blink frog hits you!
* * * LOW HITPOINT WARNING * * *
The blink frog blinks!
It was a potion of mutation.
You feel extremely strange.
You feel weirdly uncertain.
The blink frog blinks!
The blink frog completely misses you. x2
The small abomination hits you.
* * * LOW HITPOINT WARNING * * *
The blink frog hits you but does no damage.
The lindwurm barely misses you. The lindwurm claws you!
* * * LOW HITPOINT WARNING * * *
A demonic guardian appears!
The lindwurm claws you but does no damage.
The blink frog hits you but does no damage.
Unknown command.
As you read the scroll of teleportation, it crumbles to dust.
You feel strangely unstable. The blink frog misses you.
The blink frog barely misses you. The small abomination hits you!
* * * LOW HITPOINT WARNING * * *
The blink frog hits you!
You die...

#.......#######
###.....######
.#.....### .#.###
..........##.....##
...................
.................♣♣
........§4......♣♣
......FFF§....♣♣♣
.......x@....♣♣
#..#.P.kF.♣♣♣♣
.#.#.....♣
..###..§♣♣ . #..♣♣
#.. #.. ... ....


You could see a lindwurm (catching breath), 4 blink frogs, a small abomination
and a friendly hellwing (summoned).

Vanquished Creatures
  2 hydras
  2 oklob plants
  7 elephants
  An ugly thing (D:11)
  2 rime drakes (Lair:3)
  4 cane toads
  4 komodo dragons
  2 trolls
  2 polar bears
  5 blink frogs
  3 culicivoras (Lair:3)
  A wraith (D:9)
  2 wyverns
  35 yaks
  3 basilisks
  2 steam dragons
  2 acid dragons
  7 water moccasins
  A swamp drake (Lair:3)
  5 orc warriors
  An ice beast (D:6)
  A sky beast (D:8)
  2 ogres
  11 wolves
  5 centaurs
  2 kobold brigands (D:8)
  6 bullfrogs
  A necrophage (D:6)
  A water moccasin zombie (Lair:1)
  3 scorpions
  5 wights
  8 killer bees
  3 electric eels
  A wolf zombie (Lair:1)
  6 howler monkeys
  4 crimson imps (D:4)
  A jelly (D:6)
  8 orc priests
  3 hounds (D:6)
  A gnoll bouda (D:7)
  2 iguanas
  Natasha (thrice) (D:2)
  6 orc wizards
  16 gnolls
  12 adders
  A white imp (D:6)
  2 worms (D:5)
  44 orcs
  7 endoplasms
  2 giant cockroaches
  6 goblins
  7 hobgoblins
  8 jackals
  12 kobolds
  2 ball pythons
  6 bats
  6 rats
307 creatures vanquished.

Vanquished Creatures (collateral kills)
  Rupert (Lair:3)
  A hydra (Lair:3)
  A gargoyle (D:10)
  4 cane toads
  A komodo dragon (Lair:4)
  A polar bear (Lair:1)
  3 blink frogs
  A wyvern (Lair:1)
  7 yaks
  2 basilisks (Lair:3)
  A steam dragon (D:6)
  3 water moccasins
  2 black bears
  An ogre (D:4)
  5 wolves
  2 gnoll sergeants
  2 bullfrogs
  A scorpion (D:11)
  A wight (D:7)
  4 killer bees (D:9)
  A hound (D:6)
  3 orc priests
  An iguana (Lair:3)
  7 gnolls
  A dart slug (D:3)
  6 orcs
  An endoplasm (D:3)
  A kobold (D:8)
  2 ball pythons
67 creatures vanquished.

Vanquished Creatures (others)
  An elephant (Lair:3)
  2 elephant zombies (Lair:3)
  A rime drake zombie (Lair:3)
  9 yak zombies
  2 water moccasin zombies (Lair:3)
  2 wolf zombies (Lair:1)
  A centaur zombie (D:9)
  A black bear zombie (D:11)
  A scorpion zombie (D:11)
  2 killer bee zombies (D:9)
  6 gnoll zombies
  2 goblin zombies
  A hobgoblin zombie (D:3)
  2 kobold zombies (D:8)
  19 orc zombies
  59 fungi
  35 plants
  13 toadstools (Lair:3)
  2 withered plants (D:6)
161 creatures vanquished.

Grand Total: 535 creatures vanquished

Notes
Turn   | Place    | Note
-------+----------+-------------------------------------------
     0 | D:1      | holysushi the Demonspawn Necromancer began the quest for
                  | the Orb.
     0 | D:1      | Reached XP level 1. HP: 13/13 MP: 3/3
   212 | D:1      | Gained mutation: You are partially covered in icy blue
                  | scales. (AC +2) [demonic ancestry]
   212 | D:1      | Reached XP level 2. HP: 2/19 MP: 0/5
   850 | D:1      | Reached skill level 5 in Necromancy
  1367 | D:2      | Gained mutation: A weak demonic guardian rushes to your
                  | aid. [demonic ancestry]
  1367 | D:2      | Reached XP level 3. HP: 10/24 MP: 6/6
  1730 | D:2      | Reached XP level 4. HP: 25/30 MP: 2/7
  1943 | D:2      | Noticed Natasha
  1951 | D:2      | Killed Natasha
  2079 | D:2      | Learned a level 3 spell: Vampiric Draining
  2340 | D:2      | Noticed Natasha
  2346 | D:2      | Killed Natasha
  2351 | D:2      | Noticed Natasha
  2355 | D:2      | Killed Natasha
  2356 | D:2      | Gained mutation: You regenerate magic rapidly. [demonic
                  | ancestry]
  2356 | D:2      | Reached XP level 5. HP: 31/35 MP: 1/8
  2861 | D:3      | Learned a level 4 spell: Animate Dead
  3603 | D:3      | Reached XP level 6. HP: 41/41 MP: 9/9
  3810 | D:4      | Found a staircase to the Ecumenical Temple.
  3825 | Temple   | Entered the Ecumenical Temple
  4413 | D:4      | Found a shimmering altar of Xom.
  4607 | D:4      | Gained mutation: You are mostly covered in icy blue scales.
                  | (AC +3) [demonic ancestry]
  4607 | D:4      | Reached XP level 7. HP: 17/46 MP: 4/10
  4912 | Temple   | Became a worshipper of Makhleb the Destroyer
  5057 | D:5      | Entered Level 5 of the Dungeon
  5330 | D:5      | Reached skill level 10 in Necromancy
  5360 | D:5      | Found Zin's Purification Station.
  5366 | D:5      | Bought a potion of curing for 90 gold pieces
  6350 | D:5      | Reached skill level 1 in Short Blades
  6512 | D:6      | Found Wuent's Assorted Antiques.
  6518 | D:6      | Bought a tapered iron wand for 120 gold pieces
  6754 | D:6      | Gained mutation: A demonic guardian rushes to your aid.
                  | [demonic ancestry]
  6754 | D:6      | Reached XP level 8. HP: 41/52 MP: 3/11
  6979 | D:6      | Found a basalt altar of Yredelemnul.
  7331 | D:6      | Reached * piety under Makhleb
  7332 | D:6      | Reached skill level 2 in Dodging
  7445 | D:6      | Found a broken altar of Ashenzari.
  7810 | D:6      | Reached skill level 3 in Dodging
  8061 | D:7      | Found Hosut's Weapon Boutique.
  8111 | D:7      | Reached skill level 4 in Dodging
  8242 | D:7      | Found Cuuqaell's Antique Weapon Shop.
  8292 | D:7      | Reached XP level 9. HP: 53/65 MP: 12/12
  8367 | D:7      | Found Axzeul's Assorted Antiques.
  8386 | D:7      | Reached skill level 5 in Dodging
  8393 | D:7      | Bought a translucent platinum ring for 110 gold pieces
  8393 | D:7      | Identified the ring of Geqiocwyggist {rC+ Int+4} (You
                  | bought it in a shop on level 7 of the Dungeon)
  8686 | D:7      | Found Faecil Qurch's Magic Scroll Boutique.
  9216 | D:7      | Found Zetiruh's Distillery.
  9230 | D:7      | Noticed a two-headed ogre
  9518 | D:7      | Bought a potion of curing for 36 gold pieces
 10107 | D:8      | Reached skill level 6 in Dodging
 10401 | D:8      | Reached ** piety under Makhleb
 10556 | D:8      | Found a snail-covered altar of Cheibriados.
 10601 | D:8      | Found a sacrificial altar of Ru.
 10831 | D:8      | Found a hide-covered altar of Uskayaw.
 10868 | D:8      | Reached skill level 7 in Dodging
 10879 | D:8      | Reached skill level 5 in Stealth
 10897 | D:8      | Reached XP level 10. HP: 57/71 MP: 7/13
 11135 | D:9      | Reached skill level 5 in Short Blades
 11269 | D:9      | Found Pimuo's Neck Hole.
 11932 | D:10     | Entered Level 10 of the Dungeon
 11932 | D:10     | Found a portal to a secret trove of treasure.
 11986 | D:10     | Noticed a gargoyle
 12012 | D:10     | Killed a gargoyle
 13059 | D:11     | Found a shadowy altar of Dithmenos.
 13125 | D:11     | Reached *** piety under Makhleb
 13332 | D:11     | Found a staircase to the Orcish Mines.
 13445 | D:11     | Gained mutation: You have a small tail. [demonic ancestry]
 13445 | D:11     | Reached XP level 11. HP: 70/77 MP: 10/14
 13467 | D:11     | Reached skill level 10 in Short Blades
 13606 | D:11     | Reached skill level 1 in Invocations
 13606 | D:11     | Reached skill level 1 in Evocations
 13718 | D:11     | Noticed a brown ugly thing
 13731 | D:11     | Killed a brown ugly thing
 13800 | D:11     | Found a staircase to the Lair.
 13822 | Lair:1   | Entered Level 1 of the Lair of Beasts
 13823 | Lair:1   | Noticed an oklob plant
 13906 | Lair:1   | Reached **** piety under Makhleb
 13960 | Lair:1   | Killed an oklob plant
 13961 | Lair:1   | Reached skill level 8 in Dodging
 14091 | Lair:1   | Reached skill level 5 in Invocations
 15194 | Lair:2   | Identified the +0 scale mail of Gluttony {Str-3 Slay+2
                  | Stlth+}
 15350 | Lair:2   | Reached skill level 9 in Dodging
 15591 | Lair:2   | Gained mutation: When hurt, damage is shared between your
                  | health and your magic reserves. [demonic ancestry]
 15591 | Lair:2   | Reached XP level 12. HP: 57/83 MP: 15/15
 16045 | Lair:3   | Identified the +2 buckler of Melancholy {-Tele rC+++ Will+}
 16113 | Lair:3   | Found a hole to the Spider Nest.
 16144 | Lair:3   | Reached skill level 10 in Dodging
 16309 | Lair:3   | Noticed a four-headed hydra
 16321 | Lair:3   | Killed a four-headed hydra
 16370 | Lair:3   | Noticed a dire elephant
 16391 | Lair:3   | Found a runed translucent door.
 16491 | Lair:3   | Noticed a seven-headed hydra
 16618 | Lair:3   | Reached skill level 11 in Dodging
 16656 | Lair:3   | Reached ***** piety under Makhleb
 16929 | Lair:3   | Noticed Rupert
 17068 | Lair:3   | Found a staircase to the Swamp.
 17172 | Lair:3   | Killed a seven-headed hydra
 17243 | Lair:3   | Killed Rupert
 17244 | Lair:3   | Reached skill level 12 in Dodging
 18077 | Lair:4   | Reached skill level 13 in Dodging
 18151 | Lair:4   | Gained mutation: You have a tail ending in a sharp stinger.
                  | [demonic ancestry]
 18151 | Lair:4   | Reached XP level 13. HP: 55/88 MP: 5/16
 18404 | Lair:4   | You fall into a shaft and drop 1 floor!
 18404 | Lair:5   | Entered Level 5 of the Lair of Beasts
 18914 | Lair:5   | Gained mutation: You are occasionally teleported next to
                  | monsters. [potion of mutation]
 18915 | Lair:5   | HP: 3/88 [small abomination (11)]
 18915 | Lair:5   | Slain by a blink frog

Illustrated notes

Levels and vault maps discovered:
D:1:      lightli_arrival_boilingwater, layout_basic, st_stairs_6
D:2:      layout_loops_ring, basic_altar, uniq_natasha
D:3:      layout_basic, minmay_stone_trees_small, st_stairs_7,
          serial_park_tiny_1
D:4:      layout_rooms, led_xom_imps, minmay_temple_entry_glassed_door,
          kennysheep_generic_room_16
D:5:      layout_basic, zin_purify
D:6:      layout_loops_corners, jmf_multi_god_temple, yredelemnul_altar_generic,
          serial_aquarium, aquarium_bridge_straight [aquarium_subvault_bridge,
          aquarium_subvault_balcony, aquarium_subvault_bridge,
          aquarium_subvault_wall], aquarium_bridge_straight
          [aquarium_subvault_bridge, aquarium_subvault_balcony,
          aquarium_subvault_bridge, aquarium_subvault_window],
          aquarium_window_1, aquarium_window_fake, aquarium_view_2g,
          aquarium_view_2b, serial_shops, shop
D:7:      layout_layer_cave, serial_shops, nicolae_shop_statue_plus,
          nicolae_shop_statue_plus, shop, nicolae_shop_bloodbath_and_beyond,
          nicolae_diamond_shop
D:8:      layout_loops_ring, overflow_temple_1_default,
          mainiacjoe_overflow_large_starburst
D:9:      layout_rooms, nicolae_shop_sticking_my_neck_out
D:10:     layout_rooms, enter_trove_1
D:11:     layout_basic, grunt_lair_entry_orc_guard_hut,
          minmay_orc_entry_temple_small, nicolae_two_hexagons,
          nicolae_dithmenos_shadow_blocks
Temple:   jpeg_temple_clearing
Lair:1:   layout_cave_pods, st_stairs_6, dpeg_stationary_puzzle,
          serial_bayou_shore_a, grunt_megastairs_1, infiniplex_staircase_pool
Lair:2:   layout_regular_city
Lair:3:   gammafunk_lair_enchanted_lake, layout_regular_city,
          minmay_swamp_entry_reptiles, hellmonk_spider_entry_life_and_decay,
          grunt_megastairs_5, uniq_rupert
Lair:4:   layout_long_grid
Lair:5:   hellmonk_lair_end_abyssal_woods, layout_regular_city,
          dpeg_slime_entry_corner

Skill      XL: |  1  2  3  4  5  6  7  8  9 10 11 12 |
---------------+-------------------------------------+-----
Necromancy     | 5 6 7 9 10 | 10.2
Stealth        | 3 4 5 8 |  8.0
Short Blades   | 2 3 4 9 10 | 10.0
Fighting       | 4 |  4.0
Dodging        | 4 7 9 13 | 13.8
Invocations    | 5 |  5.0
Evocations     | 3 |  3.0
Spellcasting   | |  2.4

Action                   |  1- 3 |  4- 6 |  7- 9 | 10-12 | 13-15 || total
-------------------------+-------+-------+-------+-------+-------++-------
Melee: Unarmed           |    12 |       |       |       |       ||    12
       Dagger            |    42 |   125 |   431 |   891 |    88 ||  1577
       Punch             |       |     2 |     8 |    19 |     3 ||    32
       Tailslap          |       |       |       |   118 |    24 ||   142
 Cast: Necrotise         |    35 |    59 |    27 |     8 |       ||   129
       Animate Dead      |       |     6 |     9 |    24 |     3 ||    42
       Vampiric Draining |       |     1 |    17 |    13 |       ||    31
Invok: Lesser Servant of |       |       |       |     1 |       ||     1
Evoke: Wand              |       |       |     1 |    10 |       ||    11
       Phial of floods   |       |       |       |     1 |     1 ||     2
  Use: Scroll            |       |     5 |    10 |    12 |     3 ||    30
       Potion            |       |       |     3 |     3 |     2 ||     8
 Stab: Distracted        |     1 |     2 |     2 |    11 |     1 ||    17
       Sleeping          |       |       |     8 |    12 |       ||    20
       Invisible         |       |       |       |     2 |       ||     2
Armor: Robe              |    14 |    49 |   152 |    69 |       ||   284
       Troll leather arm |       |       |       |   133 |    32 ||   165
Dodge: Dodged            |    43 |    65 |   244 |   475 |    70 ||   897

Table legend: (Time is in decaauts)
 A = Elapsed time spent in this place.
 B = Non-inter-level travel time spent in this place.
 C = Inter-level travel time spent in this place.
 D = Time resting spent in this place.
 E = Time spent auto-exploring this place.
 F = Levels seen in this place.
 G = Mean time per level.
                   A        B        C        D        E       F      G
               +--------+--------+--------+--------+--------+-----+--------+
         Total |  18242 |  17509 |    733 |   2945 |  10835 |  17 | 1073.1 |
       Dungeon |  13320 |  12805 |    515 |   2242 |   7855 |  11 | 1210.9 |
        Temple |    189 |    112 |     77 |      0 |     84 |   1 |  189.0 |
          Lair |   4732 |   4592 |    140 |    703 |   2896 |   5 |  946.4 |
               +--------+--------+--------+--------+--------+-----+--------+

Top non-repeatable levels by time:
     D:7: 1887 daAuts
     D:2: 1552 daAuts
  Lair:3: 1537 daAuts
     D:6: 1528 daAuts
     D:5: 1436 daAuts
     D:1: 1302 daAuts
  Lair:1: 1213 daAuts
     D:4: 1096 daAuts
     D:8: 1091 daAuts
  Lair:2: 1059 daAuts
     D:3: 935 daAuts
     D:9: 904 daAuts
    D:11: 857 daAuts
  Lair:4: 854 daAuts
    D:10: 729 daAuts
